 Dungeon Crawl Stone Soup version 0.27.1-34-g3ba077fa99 (webtiles) character file.

Game seed: 10002026151919407189

1001 shadowrider38 the Shield-Bearer (level 8, -11/67 HPs)
             Began as a Gnoll Fighter on Jan 1, 2022.
             Mangled by Duvessa (15 damage)
             ... on level 4 of the Dungeon.
             The game lasted 00:11:32 (5401 turns).

shadowrider38 the Shield-Bearer (Gnoll Fighter)     Turns: 5401, Time: 00:11:33

Health: -11/67     AC:  9    Str: 17    XL:     8   Next: 20%
Magic:  0/12       EV:  9    Int:  8    God:
Gold:   207        SH: 10    Dex: 12    Spells: 13/13 levels left

rFire    . . .     SeeInvis .   a - +0 war axe
rCold    . . .     Faith    .   c - +0 kite shield
rNeg     . . .     Spirit   +   b - +0 scale mail
rPois    .         Reflect  .   u - +0 helmet
rElec    .         Harm     .   (no cloak)
rCorr    .         Rampage  .   (no gloves)
Will     .....                  (no boots)
Stlth    +.........             g - amulet of guardian spirit
HPRegen  0.21/turn              (no ring)
MPRegen  0.13/turn              (no ring)

@: no status effects
A: fangs 1, strong nose, distributed training
a: no special abilities


You were on level 4 of the Dungeon.
You visited 1 branch of the dungeon, and saw 5 of its levels.
You also visited: Sewer.

You collected 207 gold pieces.

Inventory:

Hand Weapons
 a - a +0 war axe (weapon)
 l - a +2 dagger of venom
 t - a +2 dagger of draining
Missiles
 h - 42 stones
 m - 11 poisoned darts (quivered)
Armour
 b - a +0 scale mail (worn)
 c - a +0 kite shield (worn)
 u - a +0 helmet (worn)
Jewellery
 g - an amulet of guardian spirit (around neck)
Scrolls
 d - a scroll of identify
 e - a scroll of magic mapping {unknown}
 i - a scroll of teleportation {unknown}
 k - a scroll of silence {unknown}
 o - 3 scrolls of enchant armour {unknown}
 p - a scroll of summoning {unknown}
 q - a scroll of fog {unknown}
 v - a scroll of amnesia {unknown}
 x - a scroll of noise {unknown}
 y - a scroll of enchant weapon {unknown}
Potions
 f - 2 potions of degeneration {unknown}
 j - 2 potions of mutation
 n - a potion of brilliance
 r - a potion of cancellation
 s - 2 potions of curing
 w - a potion of flight {unknown}


   Skills:
 + Level 7.3 Fighting
 + Level 3.0 Short Blades
 + Level 3.0 Long Blades
 + Level 5.5 Axes
 + Level 3.0 Maces & Flails
 + Level 3.0 Polearms
 + Level 3.0 Staves
 + Level 3.0 Slings
 + Level 3.0 Bows
 + Level 3.0 Crossbows
 + Level 3.0 Throwing
 + Level 7.3 Armour
 + Level 3.0 Dodging
 + Level 3.0 Stealth
 + Level 7.3 Shields
 + Level 3.0 Unarmed Combat
 + Level 3.0 Spellcasting
 + Level 2.4 Conjurations
 + Level 2.4 Hexes
 + Level 2.4 Summonings
 + Level 2.4 Necromancy
 + Level 2.4 Translocations
 + Level 2.4 Transmutations
 + Level 2.4 Fire Magic
 + Level 2.4 Ice Magic
 + Level 2.4 Air Magic
 + Level 2.4 Earth Magic
 + Level 2.4 Poison Magic
 + Level 3.3 Invocations
 + Level 3.0 Evocations


You had 13 spell levels left.
You didn't know any spells.
Your spell library contained the following spells:

 Spells                   Type           Power      Damage    Failure   Level
 Ensorcelled Hibernation  Hex/Ice        10%        N/A       80%         2
 Sublimation of Blood     Necr           2%         N/A       80%         2
 Ozocubu's Armour         Ice            5%         N/A       95%         3
 Spider Form              Tmut/Pois      2%         N/A       95%         3
 Petrify                  Tmut/Erth      5%         N/A       100%        4
 Irradiate                Conj/Tmut      2%         3d14      100%        5
 Iskenderun's Battlesphe  Conj           5%         2d6       100%        5
 Iron Shot                Conj/Erth      2%         9d2       100%        6
 Shadow Creatures         Summ           N/A        N/A       100%        6
 Ozocubu's Refrigeration  Ice            2%         4d5       100%        7
 Spellforged Servitor     Conj/Summ      2%         N/A       100%        7


Dungeon Overview and Level Annotations

Branches:
Dungeon (5/15)              Sewer (visited)
 Temple: D:4-7

Altars:
Makhleb

Shops:
D:4 =

Annotations:
D:2 Sigmund
D:4 Dowan, Duvessa
D:5 1 runed translucent door, Crazy Yiuf


Innate Abilities, Weirdness & Mutations

You have very sharp teeth.
Your uncanny sense of smell can sniff out nearby items.
Your experience applies equally to all skills.


Message History

The orc priest is severely wounded.
The orc priest hits you with a +0 short sword.
You hit the orc priest.
You kill the orc priest!
Things that are here:
a +0 short sword; a +0 leather armour
Things that are here:
a +0 hand axe; an orc corpse
Things that are here:
a +0 short sword; an orc corpse
Things that are here:
a +0 dagger; an orc corpse An orc is nearby!
An orc is nearby!
An orc is nearby!
There is an escape hatch in the ceiling here.
A mysterious force pulls you upwards. The hatch slams shut behind you.
Level annotation: Dowan, Duvessa Duvessa shouts!
Duvessa drinks a potion.
Duvessa goes berserk!
You block Duvessa's attack.
Press: ? - help, v - describe, . - travel The floor.
Duvessa hits you with a +0 short sword!
You hear a shout!
Duvessa hits you but does no damage. Duvessa hits you with a +0 short sword.
You block Duvessa's attack.
Duvessa rages.
Duvessa hits you but does no damage. Duvessa hits you with a +0 short sword!
* * * LOW HITPOINT WARNING * * *
Duvessa barely misses you. Duvessa hits you but does no damage.
You block Duvessa's attack. Duvessa hits you with a +0 short sword!
* * * LOW HITPOINT WARNING * * *
Duvessa hits you with a +0 short sword!
* * * LOW HITPOINT WARNING * * *
Duvessa hits you with a +0 short sword!
You die...

#.........# #.#######.# # #.#
#.####### # #.# #.......##
######## #.# ###........ .......#
#.# #.'........ ######.# #.#
#.#........ #.# #e# #.#........
######.# #@######.#.....e..
.......# ###'#......#........
.......#######.'∩'..###..........
...............#'#...............
.......########..#.[#.###########
.#####'###### #..#......>........
.# #..>.....# #..#.##............
.# #....###.# #..#....#..########
.# #....###.###..###..#..###### #


You could see Duvessa (berserk).

Vanquished Creatures
  Pikel (D:3)
  Purgy (Sewer)
  An ogre (D:4)
  2 lemures
  A water moccasin zombie (D:5)
  A centaur zombie (D:5)
  2 orc priests (D:5)
  Jessica (D:3)
  A scorpion zombie (D:3)
  2 hound skeletons (D:4)
  Robin (D:4)
  A howler monkey skeleton (D:5)
  2 adders
  An ufetubus (D:5)
  A worm (D:4)
  A dart slug (D:1)
  2 orcs (D:5)
  5 ball pythons
  3 endoplasms
  2 giant cockroaches (D:3)
  13 goblins
  5 hobgoblins
  9 jackals
  5 kobolds
  5 quokkas
  6 bats
  4 frilled lizards
  4 rats
83 creatures vanquished.

Notes
Turn   | Place    | Note
-------+----------+-------------------------------------------
     0 | D:1      | shadowrider38 the Gnoll Fighter began the quest for the
                  | Orb.
     0 | D:1      | Reached XP level 1. HP: 23/23 MP: 1/1
   211 | D:1      | Reached XP level 2. HP: 29/29 MP: 2/2
   355 | D:1      | Found a faded altar of an unknown god.
   565 | D:1      | Reached XP level 3. HP: 34/35 MP: 3/3
  1173 | D:2      | Reached skill level 1 in Invocations
  1265 | D:2      | Noticed Sigmund
  1293 | D:3      | Reached skill level 1 in Short Blades
  1293 | D:3      | Reached skill level 1 in Long Blades
  1293 | D:3      | Reached skill level 1 in Maces & Flails
  1293 | D:3      | Reached skill level 1 in Polearms
  1293 | D:3      | Reached skill level 1 in Staves
  1293 | D:3      | Reached skill level 1 in Slings
  1293 | D:3      | Reached skill level 1 in Bows
  1293 | D:3      | Reached skill level 1 in Crossbows
  1293 | D:3      | Reached skill level 1 in Throwing
  1293 | D:3      | Reached skill level 1 in Dodging
  1293 | D:3      | Reached skill level 1 in Stealth
  1293 | D:3      | Reached skill level 1 in Unarmed Combat
  1293 | D:3      | Reached skill level 1 in Spellcasting
  1293 | D:3      | Reached skill level 1 in Evocations
  1293 | D:3      | Reached XP level 4. HP: 19/41 MP: 5/5
  1485 | D:3      | Found a burning altar of Makhleb.
  1636 | D:3      | Found a glowing drain.
  1651 | Sewer    | Entered a sewer
  1767 | Sewer    | Reached skill level 1 in Conjurations
  1767 | Sewer    | Reached skill level 1 in Hexes
  1767 | Sewer    | Reached skill level 1 in Summonings
  1767 | Sewer    | Reached skill level 1 in Necromancy
  1767 | Sewer    | Reached skill level 1 in Translocations
  1767 | Sewer    | Reached skill level 1 in Transmutations
  1767 | Sewer    | Reached skill level 1 in Fire Magic
  1767 | Sewer    | Reached skill level 1 in Ice Magic
  1767 | Sewer    | Reached skill level 1 in Air Magic
  1767 | Sewer    | Reached skill level 1 in Earth Magic
  1767 | Sewer    | Reached skill level 1 in Poison Magic
  2019 | Sewer    | Noticed Purgy
  2055 | Sewer    | Killed Purgy
  2056 | Sewer    | Reached XP level 5. HP: 20/47 MP: 5/7
  2439 | D:3      | Noticed Jessica
  2444 | D:3      | Killed Jessica
  3007 | D:4      | Reached XP level 6. HP: 52/53 MP: 8/8
  3165 | D:4      | Noticed Duvessa
  3165 | D:4      | Noticed Dowan
  3537 | D:4      | Noticed Robin
  3550 | D:4      | Killed Robin
  3757 | D:4      | Reached skill level 5 in Axes
  3945 | D:4      | Noticed Pikel
  3976 | D:3      | Killed Pikel
  3977 | D:3      | Reached XP level 7. HP: 14/60 MP: 3/11
  4229 | D:4      | Found Tymem's Jewellery Shoppe.
  5103 | D:5      | Entered Level 5 of the Dungeon
  5124 | D:5      | Reached XP level 8. HP: 63/67 MP: 12/12
  5225 | D:5      | Found a runed translucent door.
  5226 | D:5      | Noticed Crazy Yiuf
  5401 | D:4      | Mangled by Duvessa

Illustrated notes

Levels and vault maps discovered:
D:1:      erik_arrival_triangle_large, layout_basic,
          shapermc_ecumenical_altar_venn
D:2:      layout_rooms, uniq_sigmund
D:3:      layout_basic, lemuel_doored_altar, cheibrodos_sewer_entry_drain,
          uniq_jessica
D:4:      layout_basic, serial_shops, nicolae_shop_behind_doors,
          grunt_ministairs_15, serial_bayou_pond_d, uniq_pikel, uniq_robin,
          uniq_duvessa
D:5:      layout_basic, uniq_menkaure, uniq_eustachio, uniq_crazy_yiuf_cottage

Skill      XL: |  1  2  3  4  5  6  7  8 |
---------------+-------------------------+-----
Invocations    | 1 3 |  3.3
Short Blades   | 1 2 3 |  3.0
Long Blades    | 1 2 3 |  3.0
Maces & Flails | 1 2 3 |  3.0
Polearms       | 1 2 3 |  3.0
Staves         | 1 2 3 |  3.0
Slings         | 1 2 3 |  3.0
Bows           | 1 2 3 |  3.0
Crossbows      | 1 2 3 |  3.0
Throwing       | 1 2 3 |  3.0
Dodging        | 1 2 3 |  3.0
Stealth        | 1 2 3 |  3.0
Unarmed Combat | 1 2 3 |  3.0
Spellcasting   | 1 2 3 |  3.0
Evocations     | 1 2 3 |  3.0
Conjurations   | 1 2 |  2.4
Hexes          | 1 2 |  2.4
Summonings     | 1 2 |  2.4
Necromancy     | 1 2 |  2.4
Translocations | 1 2 |  2.4
Transmutations | 1 2 |  2.4
Fire Magic     | 1 2 |  2.4
Ice Magic      | 1 2 |  2.4
Air Magic      | 1 2 |  2.4
Earth Magic    | 1 2 |  2.4
Poison Magic   | 1 2 |  2.4
Axes           | 5 |  5.5
Fighting       | 7 |  7.3
Armour         | 7 |  7.3
Shields        | 7 |  7.3

Action                   |  1- 3 |  4- 6 |  7- 9 || total
-------------------------+-------+-------+-------++-------
Melee: War axe           |   101 |   124 |    44 ||   269
       Bite              |    14 |    14 |     7 ||    35
Throw: Stone             |       |     6 |       ||     6
       Dart              |       |     2 |       ||     2
  Use: Potion            |       |     2 |       ||     2
       Scroll            |       |     4 |       ||     4
 Stab: Distracted        |       |     1 |       ||     1
Armor: Scale mail        |    45 |    46 |    39 ||   130
Dodge: Dodged            |    26 |    62 |    22 ||   110
Block: Kite shield       |    65 |    95 |    39 ||   199
